General information
- name: BNet
- type: Ladder team game (AT/RT)
- host: Battle.net
- saver: BEAR_AND
map: Everfrost
- players: 6
- length: 23:29
- speed: Fast
- version: 1.26 W3XP
- replay type:

» download(181 KB)
Players
team 1 (loser)
GatorBar (
purple | 75 APM | 1760 actions | 23:24)
5 Shadow Hunter
2 Serpent Ward
3 Hex
» actions
| Assign group hotkey | 3 | |
| Basic commands | 40 | |
| Build / train | 74 | |
| Enter build submenu | 15 | |
| Enter hero's abilities submenu | 5 | |
| Give item / drop item | 1 | |
| Right click | 1141 | |
| Select / deselect | 318 | |
| Select group hotkey | 91 | |
| Use ability | 72 | |
1760 total
» units
| Peon | 25 | |
| Troll Headhunter/Berserker | 20 | |
| Demolisher | 1 | |
46 total
» upgrades
| Ranged Weapons | 1 | |
| Armor | 1 | |
| Troll Regeneration | 1 | |
| Berserker Upgrade | 1 | |
| Burning Oil | 1 | |
| Reinforced Defenses | 1 | |
6 total
» buildings
| Altar of Storms | 1 | |
| Orc Burrow | 6 | |
| War Mill | 1 | |
| Barracks | 2 | |
| Voodoo Lounge | 1 | |
| Stronghold | 1 | |
| Fortress | 1 | |
| Watch Tower | 3 | |
16 total
» build order
00:09 Altar of Storms
00:13 Orc Burrow
01:16 War Mill
01:36 Barracks
01:53 Orc Burrow
02:03 Orc Burrow
02:08 Barracks
02:23 Orc Burrow
04:00 Voodoo Lounge
05:09 Stronghold
06:13 Orc Burrow
08:27 Fortress
15:58 Orc Burrow
16:56 Watch Tower
17:00 Watch Tower
18:51 Watch Tower
» items
| Dust of Appearance | 3 | |
| Lesser Clarity Potion | 1 | |
| Potion of Healing | 1 | |
| Potion of Mana | 1 | |
| Scroll of Town Portal | 3 | |
| Scroll of Speed | 1 | |
| Tiny Great Hall | 1 | |
| Scroll of Healing | 1 | |
12 total
Last_Resort (
green | 52 APM | 1213 actions | 23:28)
4 Keeper of the Grove
2 Entangling Roots
1 Thorns Aura
1 Force of Nature
» actions
| Assign group hotkey | 24 | |
| Basic commands | 8 | |
| Build / train | 58 | |
| ESC pressed | 4 | |
| Enter build submenu | 21 | |
| Enter hero's abilities submenu | 4 | |
| Give item / drop item | 2 | |
| Remove unit from queue | 4 | |
| Right click | 480 | |
| Select / deselect | 371 | |
| Select group hotkey | 145 | |
| Use ability | 91 | |
1213 total
» units
| Wisp | 18 | |
| Huntress | 9 | |
| Druid of the Claw | 11 | |
| Hippogryph | 3 | |
41 total
» upgrades
| Druid of the Claw Training | 2 | |
| Mark of the Claw | 1 | |
| Reinforced Hides | 1 | |
4 total
» buildings
| Altar of Elders | 1 | |
| Moon Well | 6 | |
| Ancient of War | 1 | |
| Hunter's Hall | 1 | |
| Tree of Ages | 2 | |
| Ancient of Lore | 2 | |
| Tree of Eternity | 1 | |
| Ancient of Wind | 2 | |
| Tree of Life | 2 | |
18 total
» build order
00:07 Altar of Elders
00:12 Moon Well
01:25 Ancient of War
01:36 Hunter's Hall
02:05 Moon Well
02:22 Moon Well
03:34 Tree of Ages
04:14 Moon Well
06:00 Ancient of Lore
06:01 Ancient of Lore
06:05 Moon Well
08:30 Tree of Eternity
12:47 Moon Well
13:30 Ancient of Wind
13:33 Ancient of Wind
14:44 Tree of Life
15:14 Tree of Life
17:25 Tree of Ages
» items
Wreak_HAV0C (
teal | 56 APM | 1319 actions | 23:26)
4 Mountain King
2 Storm Bolt
2 Bash
» actions
| Assign group hotkey | 48 | |
| Basic commands | 13 | |
| Build / train | 79 | |
| Enter build submenu | 22 | |
| Enter hero's abilities submenu | 4 | |
| Remove unit from queue | 7 | |
| Right click | 629 | |
| Select / deselect | 255 | |
| Select group hotkey | 200 | |
| Use ability | 62 | |
1319 total
» units
| Peasant | 21 | |
| Footman | 7 | |
| Rifleman | 11 | |
| Mortar Team | 9 | |
| Dragonhawk Rider | 13 | |
| Gryphon Rider | -4 | |
57 total
» upgrades
| Flare | 1 | |
| Lumber Harvesting | 1 | |
| Cloud | 1 | |
3 total
» buildings
| Altar of Kings | 1 | |
| Barracks | 2 | |
| Farm | 7 | |
| Blacksmith | 1 | |
| Keep | 1 | |
| Workshop | 2 | |
| Castle | 1 | |
| Lumber Mill | 1 | |
| Gryphon Aviary | 1 | |
| Arcane Vault | 1 | |
| Scout Tower | 6 | |
| Guard Tower | 5 | |
| Arcane Tower | 1 | |
30 total
» build order
00:03 Altar of Kings
00:05 Barracks
00:07 Farm
00:49 Farm
01:26 Farm
01:51 Blacksmith
02:18 Farm
02:43 Barracks
04:00 Farm
04:00 Farm
06:26 Keep
06:38 Farm
09:43 Workshop
11:21 Castle
13:01 Workshop
13:56 Lumber Mill
15:46 Gryphon Aviary
16:30 Arcane Vault
18:55 Scout Tower
19:20 Scout Tower
19:22 Scout Tower
19:25 Scout Tower
19:27 Guard Tower
19:30 Scout Tower
19:55 Arcane Tower
20:00 Scout Tower
20:02 Guard Tower
20:16 Guard Tower
20:21 Guard Tower
20:35 Guard Tower
team 2 (winner)
BEAR_AND (
orange | 117 APM | 2748 actions | 23:29)
6 Blademaster
2 Wind Walk
3 Critical Strike
1 Bladestorm
» actions
| Assign group hotkey | 11 | |
| Basic commands | 3 | |
| Build / train | 67 | |
| Enter build submenu | 45 | |
| Enter hero's abilities submenu | 7 | |
| Give item / drop item | 5 | |
| Right click | 1915 | |
| Select / deselect | 242 | |
| Select group hotkey | 289 | |
| Use ability | 164 | |
2748 total
» units
» upgrades
| Liquid Fire | 1 | |
| Ranged Weapons | 3 | |
| Reinforced Defenses | 1 | |
5 total
» buildings
| Altar of Storms | 1 | |
| Orc Burrow | 4 | |
| War Mill | 1 | |
| Voodoo Lounge | 4 | |
| Watch Tower | 32 | |
| Stronghold | 1 | |
| Beastiary | 2 | |
| Fortress | 1 | |
| Great Hall | 1 | |
| Barracks | 1 | |
48 total
» build order
00:14 Altar of Storms
00:23 Orc Burrow
00:38 War Mill
01:32 Voodoo Lounge
01:55 Watch Tower
02:26 Watch Tower
02:40 Watch Tower
02:54 Watch Tower
03:10 Watch Tower
03:30 Watch Tower
03:56 Stronghold
04:01 Watch Tower
04:18 Watch Tower
04:26 Orc Burrow
04:28 Orc Burrow
04:44 Watch Tower
05:27 Voodoo Lounge
05:28 Voodoo Lounge
06:03 Watch Tower
06:04 Watch Tower
06:06 Watch Tower
06:30 Beastiary
06:31 Fortress
06:32 Beastiary
07:48 Orc Burrow
08:49 Voodoo Lounge
10:30 Watch Tower
10:32 Watch Tower
12:21 Watch Tower
13:05 Watch Tower
17:53 Great Hall
18:07 Watch Tower
18:08 Watch Tower
18:09 Watch Tower
18:10 Watch Tower
18:10 Watch Tower
18:11 Watch Tower
18:11 Watch Tower
18:12 Watch Tower
18:13 Watch Tower
19:31 Barracks
22:23 Watch Tower
22:23 Watch Tower
22:24 Watch Tower
22:25 Watch Tower
22:26 Watch Tower
22:27 Watch Tower
22:27 Watch Tower
» items
| Healing Salve | 8 | |
| Lesser Clarity Potion | 8 | |
| Boots of Speed | 1 | |
| Staff of Teleportation | 1 | |
| Orb of Lightning | 1 | |
| Potion of Healing | 3 | |
22 total
DeRPALeRT (
red | 103 APM | 2410 actions | 23:29)
4 Demon Hunter
2 Mana Burn
2 Evasion
» actions
| Assign group hotkey | 13 | |
| Basic commands | 81 | |
| Build / train | 57 | |
| ESC pressed | 1 | |
| Enter build submenu | 20 | |
| Enter hero's abilities submenu | 4 | |
| Right click | 1455 | |
| Select / deselect | 259 | |
| Select group hotkey | 417 | |
| Use ability | 101 | |
2410 total
» units
» upgrades
| Strength of the Wild | 2 | |
| Reinforced Hides | 1 | |
| Corrosive Breath | 1 | |
| Well Spring | 1 | |
5 total
» buildings
| Altar of Elders | 2 | |
| Moon Well | 10 | |
| Tree of Ages | 2 | |
| Tree of Eternity | 4 | |
| Ancient of Wind | 1 | |
| Chimaera Roost | 2 | |
| Hunter's Hall | 1 | |
| Tree of Life | 1 | |
23 total
» build order
00:06 Altar of Elders
00:07 Altar of Elders
00:21 Moon Well
01:48 Moon Well
04:42 Moon Well
05:50 Tree of Ages
08:27 Moon Well
09:23 Moon Well
10:01 Tree of Eternity
10:02 Tree of Eternity
10:02 Tree of Eternity
10:06 Moon Well
10:35 Ancient of Wind
12:27 Chimaera Roost
12:30 Chimaera Roost
12:56 Hunter's Hall
16:43 Tree of Life
19:42 Moon Well
19:42 Moon Well
19:43 Moon Well
19:55 Moon Well
» items
| Scroll of Speed | 1 | |
| Potion of Healing | 1 | |
| Potion of Mana | 1 | |
| Boots of Speed | 2 | |
| Orb of Lightning | 3 | |
| Staff of Teleportation | 1 | |
| Scroll of Town Portal | 1 | |
10 total
timg4strok (
blue | 118 APM | 2769 actions | 23:28)
4 Archmage
2 Blizzard
2 Brilliance Aura
3 Mountain King
2 Storm Bolt
1 Bash
3 Paladin
2 Holy Light
1 Divine Shield
» actions
| Assign group hotkey | 6 | |
| Basic commands | 133 | |
| Build / train | 160 | |
| ESC pressed | 6 | |
| Enter build submenu | 106 | |
| Enter hero's abilities submenu | 11 | |
| Give item / drop item | 9 | |
| Right click | 1149 | |
| Select / deselect | 329 | |
| Select group hotkey | 607 | |
| Use ability | 253 | |
2769 total
» units
| Peasant | 30 | |
| Dragonhawk Rider | 3 | |
33 total
» upgrades
| Masonry | 3 | |
| Magic Sentry | 1 | |
| Cloud | 1 | |
| Animal War Training | 1 | |
6 total
» buildings
| Altar of Kings | 2 | |
| Farm | 4 | |
| Lumber Mill | 1 | |
| Scout Tower | 123 | |
| Arcane Tower | 5 | |
| Guard Tower | 74 | |
| Keep | 1 | |
| Town Hall | 2 | |
| Arcane Sanctum | 1 | |
| Castle | 1 | |
| Arcane Vault | 2 | |
| Gryphon Aviary | 1 | |
| Barracks | 1 | |
| Blacksmith | 1 | |
219 total
» build order
00:06 Altar of Kings
00:10 Farm
00:22 Lumber Mill
00:49 Scout Tower
01:06 Scout Tower
01:19 Arcane Tower
01:19 Arcane Tower
01:34 Farm
01:41 Scout Tower
01:42 Guard Tower
01:47 Scout Tower
02:01 Scout Tower
02:07 Scout Tower
02:26 Guard Tower
02:26 Guard Tower
02:28 Scout Tower
02:35 Scout Tower
02:36 Guard Tower
02:56 Guard Tower
02:57 Scout Tower
03:05 Guard Tower
03:07 Scout Tower
03:27 Guard Tower
03:28 Scout Tower
03:51 Guard Tower
03:54 Scout Tower
03:56 Guard Tower
03:58 Scout Tower
04:25 Guard Tower
04:26 Scout Tower
04:38 Guard Tower
04:40 Scout Tower
04:52 Keep
04:54 Guard Tower
04:56 Scout Tower
05:23 Town Hall
05:31 Guard Tower
05:33 Scout Tower
05:33 Scout Tower
05:36 Scout Tower
05:37 Scout Tower
05:39 Scout Tower
05:40 Scout Tower
06:05 Guard Tower
06:07 Guard Tower
06:08 Guard Tower
06:08 Guard Tower
06:08 Guard Tower
06:13 Guard Tower
06:17 Scout Tower
06:18 Scout Tower
06:18 Scout Tower
06:19 Scout Tower
06:21 Scout Tower
06:22 Scout Tower
06:24 Scout Tower
06:31 Guard Tower
06:32 Scout Tower
06:33 Scout Tower
06:34 Guard Tower
06:35 Scout Tower
06:51 Guard Tower
06:51 Guard Tower
07:07 Guard Tower
07:08 Guard Tower
07:09 Guard Tower
08:13 Scout Tower
08:13 Scout Tower
08:15 Scout Tower
08:18 Scout Tower
08:25 Altar of Kings
08:32 Arcane Sanctum
08:41 Guard Tower
08:42 Guard Tower
08:43 Guard Tower
08:44 Guard Tower
09:19 Guard Tower
09:34 Farm
09:35 Farm
09:41 Castle
09:59 Town Hall
10:08 Scout Tower
10:09 Scout Tower
10:10 Scout Tower
10:10 Scout Tower
10:11 Scout Tower
10:11 Scout Tower
10:12 Scout Tower
10:13 Scout Tower
10:36 Guard Tower
11:01 Guard Tower
11:03 Guard Tower
11:06 Scout Tower
11:07 Scout Tower
11:08 Scout Tower
11:08 Scout Tower
11:51 Guard Tower
11:51 Guard Tower
11:55 Guard Tower
11:56 Guard Tower
11:56 Guard Tower
11:56 Guard Tower
11:58 Scout Tower
11:59 Scout Tower
12:05 Guard Tower
12:20 Arcane Vault
12:20 Arcane Vault
12:24 Guard Tower
12:26 Scout Tower
12:27 Scout Tower
12:27 Scout Tower
12:28 Scout Tower
12:35 Scout Tower
12:36 Scout Tower
12:37 Scout Tower
13:00 Guard Tower
13:00 Guard Tower
13:19 Arcane Tower
13:27 Guard Tower
13:28 Guard Tower
13:32 Scout Tower
13:33 Scout Tower
14:04 Arcane Tower
14:05 Scout Tower
14:06 Scout Tower
14:07 Scout Tower
14:14 Scout Tower
14:15 Scout Tower
14:34 Guard Tower
15:12 Guard Tower
15:13 Scout Tower
15:14 Scout Tower
15:24 Scout Tower
15:25 Scout Tower
15:25 Scout Tower
15:29 Scout Tower
15:30 Scout Tower
15:30 Scout Tower
15:33 Guard Tower
15:37 Guard Tower
15:58 Guard Tower
16:23 Guard Tower
16:25 Guard Tower
16:47 Scout Tower
16:48 Scout Tower
17:30 Guard Tower
17:31 Scout Tower
17:32 Scout Tower
17:33 Scout Tower
17:35 Guard Tower
17:35 Guard Tower
17:38 Scout Tower
17:39 Scout Tower
17:39 Scout Tower
17:39 Scout Tower
17:41 Guard Tower
17:43 Scout Tower
17:44 Scout Tower
18:22 Guard Tower
18:34 Gryphon Aviary
19:11 Guard Tower
19:13 Scout Tower
19:13 Scout Tower
19:15 Scout Tower
19:16 Scout Tower
19:25 Guard Tower
19:27 Scout Tower
19:27 Scout Tower
19:28 Scout Tower
19:29 Scout Tower
19:29 Guard Tower
19:30 Scout Tower
19:31 Scout Tower
19:33 Barracks
19:35 Blacksmith
19:43 Guard Tower
19:46 Guard Tower
19:46 Guard Tower
20:15 Guard Tower
20:39 Guard Tower
20:42 Scout Tower
20:42 Scout Tower
20:45 Scout Tower
20:45 Scout Tower
20:46 Scout Tower
20:47 Scout Tower
22:16 Guard Tower
22:17 Scout Tower
22:18 Scout Tower
22:19 Scout Tower
22:19 Scout Tower
22:20 Scout Tower
22:21 Scout Tower
22:32 Guard Tower
22:33 Scout Tower
22:34 Scout Tower
22:34 Scout Tower
22:34 Scout Tower
22:35 Scout Tower
22:35 Scout Tower
22:43 Scout Tower
22:44 Scout Tower
22:45 Scout Tower
22:45 Scout Tower
22:46 Scout Tower
22:47 Scout Tower
22:54 Guard Tower
22:56 Scout Tower
22:56 Scout Tower
22:57 Scout Tower
22:57 Scout Tower
22:58 Scout Tower
22:58 Scout Tower
» items
| Staff of Teleportation | 3 | |
| Boots of Speed | 6 | |
| Staff of Sanctuary | 3 | |
| Orb of Lightning | 3 | |
| Lesser Clarity Potion | 1 | |
| Healing Salve | 1 | |
17 total
Chat log
(19:43 / All) BEAR_AND: scuse me 1 sec
(19:44 / All) timg4strok: hey 1 sec pls
(19:45 / All) BEAR_AND: hey
(19:45 / All) BEAR_AND: hi
(19:47 / All) BEAR_AND: are u there?
(19:51 / All) BEAR_AND: can i get pizza @ the door
(20:49 / All) BEAR_AND: dont die lol!
(21:53 / All) BEAR_AND: lmao
(21:58 / All) BEAR_AND: stop dying to towers
(21:59 / All) BEAR_AND: They dont move